 Dungeon Crawl Stone Soup version 0.22-a0-253-gf9d0ce5 (webtiles) character file.

47 b5mith the Slasher (level 3, -15/33 HPs)
             Began as a Minotaur Berserker on Mar 2, 2018.
             Was a Believer of Trog.
             Demolished by a kobold
             ... wielding a +0 short sword of electrocution
              (19 damage)
             ... on level 2 of the Dungeon.
             The game lasted 00:01:56 (1152 turns).

b5mith the Slasher (Minotaur Berserker)             Turns: 1152, Time: 00:01:57

Health: -15/33     AC: 12    Str: 22    XL:     3   Next: 48%
Magic:  2/2        EV:  7    Int:  4    God:    Trog [**....]
Gold:   85         SH:  0    Dex:  9    Spells: 2/2 levels left

rFire    . . .     SeeInvis .   a - +0 falchion
rCold    . . .     Gourm    .   (no shield)
rNeg     . . .     Faith    .   l - +0 plate armour
rPois    .         Spirit   .   (helmet restricted)
rElec    .         Reflect  .   (no cloak)
rCorr    .         Harm     .   h - +0 pair of gloves
MR       .....                  (no boots)
Stlth    ..........             (no amulet)
HPRegen  0.11/turn              (no ring)
MPRegen  0.08/turn              (no ring)

@: no status effects
A: retaliatory headbutt, horns 2
a: Berserk, Trog's Hand, Renounce Religion


You were on level 2 of the Dungeon.
You worshipped Trog.
Trog was pleased with you.
You were not hungry.

You visited 1 branch of the dungeon, and saw 2 of its levels.

You collected 85 gold pieces.

Inventory:

Hand Weapons
 a - a +0 falchion (weapon)
Armour
 b - a +0 animal skin
 f - a +0 ring mail
 h - a +0 pair of gloves (worn)
 l - a +0 plate armour (worn)
Scrolls
 d - 3 scrolls of identify {unknown}
 e - a scroll of enchant weapon {unknown}
 j - a scroll of teleportation {unknown}
Potions
 i - a potion of lignification {unknown}
 k - a potion of agility {unknown}
Comestibles
 c - a ration
 g - 4 chunks of flesh


   Skills:
 + Level 4.1 Fighting
 + Level 4.2 Long Blades
 + Level 3.1 Armour
 + Level 2.8 Dodging


You had 2 spell levels left.
You didn't know any spells.

Dungeon Overview and Level Annotations

Branches:
Dungeon (2/15)

Altars:


Innate Abilities, Weirdness & Mutations

You reflexively headbutt those who attack you in melee.
You have a pair of horns on your head.


Message History

You kill the goblin!
Trog accepts your kill.
The kobold throws a stone.
The stone hits you but does no damage.
The kobold throws a stone.
The stone hits you but does no damage.
You see here a stone.
The kobold hits you but does no damage.
You are electrocuted!
* * * LOW HITPOINT WARNING * * *
You are too injured to fight recklessly!
You are too injured to fight recklessly!
You are too injured to fight recklessly!
You are too injured to fight recklessly!
You are too injured to fight recklessly!
You are too injured to fight recklessly!
You barely miss the kobold. Your headbutt misses the kobold.
The kobold hits you but does no damage.
You are electrocuted!
* * * LOW HITPOINT WARNING * * *
You closely miss the kobold. Your headbutt misses the kobold.
The kobold hits you but does no damage.
You are electrocuted!
Ouch! That really hurt!
You die...

#......... ..#
#.......# #.(..
#<........#...
#.......# #....
..........#.#.
#?......# ##...
#.#########. ..
#.......# #... #.#
#####+##.#####.#
#### ###
.......#(........
.#
.......#.........#
.#
........(........#
.#
.......@######+###
.# .......K# .#
......... .#
########.# .# .#
.# .# .# .. .# #.
.#


You could see a kobold.

Vanquished Creatures
  2 adders (D:2)
  2 dart slugs
  A leopard gecko (D:1)
  A ball python (D:1)
  A bat (D:1)
  2 giant cockroaches
  4 goblins
  2 hobgoblins (D:1)
  5 kobolds (D:1)
  3 frilled lizards
  2 rats (D:1)
25 creatures vanquished.

Notes
Turn   | Place    | Note
-------+----------+-------------------------------------------
     0 | D:1      | b5mith the Minotaur Berserker began the quest for the Orb.
     0 | D:1      | Reached XP level 1. HP: 19/19 MP: 0/0
   238 | D:1      | Reached XP level 2. HP: 27/27 MP: 1/1
   954 | D:2      | Reached XP level 3. HP: 32/33 MP: 2/2
  1141 | D:2      | Reached ** piety under Trog
  1152 | D:2      | Demolished by a kobold

Vault maps used:
D:1:      scummos_arrival_simple_fountains, serial_bayou_ford_a
D:2:      vehumet_crystals, minivault_11

Skill      XL: |  1  2 |
---------------+-------+-----
Long Blades    | 4 |  4.2
Fighting       | 4 |  4.1
Armour         | 3 |  3.1
Dodging        | |  2.8

Action                   || total
-------------------------++-------
Melee: Falchion          ||    44
       Headbutt          ||     8
  Eat: Chunk             ||     1
Armor: Ring mail         ||     5
       Animal skin       ||     1
       Plate armour      ||    11
Dodge: Dodged            ||    28
       Rpst.: Falchion   ||    12

Table legend:
 A = Spawn XP
 B = Non-spawn XP
 C = Spawn XP percentage of total XP
 D = Spawn monster count
 E = Non-spawn monster count
 F = Spawn count percentage of total count
 G = Total turns spent on level
                    A         B        C        D         E        F      G
               +---------+---------+-------+---------+---------+-------+---------
         Total |       0 |      68 |   0.0 |       0 |      25 |   0.0 |  1152
               +---------+---------+-------+---------+---------+-------+---------
           D:1 |       0 |      32 |   0.0 |       0 |      18 |   0.0 |   944
           D:2 |       0 |      36 |   0.0 |       0 |       7 |   0.0 |   208
               +---------+---------+-------+---------+---------+-------+---------
